 Dungeon Crawl Stone Soup version 0.30.1-11-g7821555f0a (webtiles) character file.

Game seed: 10599758626544796741

4 lembark the Conjurer (level 1, 0/11 HPs)
             Began as an Octopode Conjurer on Dec 7, 2023.
             Slain by a jackal (2 damage)
             ... on level 1 of the Dungeon.
             The game lasted 00:00:19 (76 turns).

lembark the Conjurer (Octopode Conjurer)              Turns: 76, Time: 00:00:19

Health: 0/11       AC:  1    Str:  6    XL:     1   Next: 60%
Magic:  1/3        EV: 13    Int: 20    God:
Gold:   14         SH:  0    Dex: 10    Spells: 3/4 levels left

rFire   . . .        (no weapon)
rCold   . . .        (no shield)
rNeg    . . .        (helmet restricted)
rPois   .            (no amulet)
rElec   .            (no ring)
rCorr   .            (no ring)
SInv    .            (no ring)
Will    .....        (no ring)
Stlth   +++          (no ring)
HPRegen 0.21/turn    (no ring)
MPRegen 0.08/turn    (no ring)
                     (no ring)

%: no passive effects
@: no status effects
A: almost no armour, amphibious, 8 rings, camouflage 1, gelatinous body 1,
(nimble swimmer 1), tentacles
a: no special abilities


You were on level 1 of the Dungeon.
You visited 1 branch of the dungeon, and saw 1 of its levels.

You collected 14 gold pieces.

Inventory:

Potions
 a - a potion of magic
 b - a potion of cancellation {unknown}


   Skills:
 - Level 2.0 Dodging
 - Level 2.6 Stealth
 * Level 2.3 Spellcasting
 - Level 4.0 Conjurations


You had 3 spell levels left.
You knew the following spells:

 Your Spells              Type           Power      Damage    Failure   Level
a - Magic Dart            Conj           72%        1d6       3%          1

Your spell library contained the following spells:

 Spells                   Type           Power      Damage    Failure   Level
 Searing Ray              Conj           36%        2d5       4%          2
 Dazzling Flash           Conj/Hex       20%        N/A       21%         3
 Fulminant Prism          Conj/Hex       5%         3d6       54%         4
 Iskenderun's Mystic Bla  Conj/Tloc      10%        2d4       54%         4


Dungeon Overview and Level Annotations

Branches:
Dungeon (1/15)

Altars:


Innate Abilities, Weirdness & Mutations

You cannot wear most types of armour.
You are amphibious.
You can wear up to eight rings at the same time.
Your skin changes colour to match your surroundings (Stealth+).
Your rubbery body absorbs attacks. (AC +1, EV +1)
((You are camouflaged when in or above water. (Stealth+)))
You have tentacles for arms and can constrict up to eight enemies at once.


Message History

You barely miss the jackal. Your grab misses the jackal.
Your squeeze misses the jackal.
The jackal is moderately wounded.
The jackal barely misses you.
You closely miss the jackal. Your grab misses the jackal.
Your squeeze misses the jackal.
The jackal is moderately wounded.
The jackal bites you but does no damage.
You closely miss the jackal. You grab the jackal.
The jackal is moderately wounded.
You constrict the jackal, but do no damage.
The jackal barely misses you. The jackal closely misses you.
You tentacle-slap the jackal but do no damage.
The jackal is moderately wounded.
You constrict the jackal, but do no damage.
The jackal barely misses you.
Your magical contamination has completely faded away.
You barely miss the jackal.
The jackal is moderately wounded.
You constrict the jackal. The jackal bites you. The jackal misses you.
You tentacle-slap the jackal but do no damage.
The jackal is heavily wounded.
You constrict the jackal, but do no damage.
The jackal bites you.
You tentacle-slap the jackal.
The jackal is severely wounded.
You constrict the jackal. The jackal closely misses you.
You tentacle-slap the jackal but do no damage.
You squeeze the jackal.
You kill the jackal!
The jackal closely misses you.
You barely miss the jackal. Your grab misses the jackal. The jackal bites you.
* * * LOW HITPOINT WARNING * * *
You tentacle-slap the jackal. You grab the jackal. You squeeze the jackal.
You kill the jackal!
The jackal bites you.
* * * LOW HITPOINT WARNING * * *
You tentacle-slap the jackal but do no damage.
Your grab misses the jackal. The jackal bites you.
You die...

#. .. # #! #.#
.###.....# #.#..
.........# ######...
###........#
........#
#...........# #h#
#..# #.......# #K#
..# #.......# #h##.#
###.......#
#@#..###.........#
#...##...#.......#
##.....###........
#..##### #........
....##...###.....##.
#####
#..............
#...##.##.####.
######..#.# ##
##...#


You could see 2 jackals and a kobold.

Vanquished Creatures
  An endoplasm (D:1)
  2 jackals (D:1)
3 creatures vanquished.

Notes
Turn   | Place    | Note
-------+----------+-------------------------------------------
     0 | D:1      | lembark the Octopode Conjurer began the quest for the Orb.
     0 | D:1      | Reached XP level 1. HP: 11/11 MP: 3/3
    76 | D:1      | Slain by a jackal

Illustrated notes

Levels and vault maps discovered:
D:1:      ebering_trefoil_twist, layout_rooms, basic_ecumenical_altar,
          serial_bayou_lagoon_b

Action                     || total
---------------------------++-------
  Melee: Unarmed           ||    13
         Tentacles         ||     3
         Constrict         ||     2
   Cast: Magic Dart        ||     2
 Armour: Skin              ||     3
  Dodge: Dodged            ||    12
